 Dungeon Crawl Stone Soup version 0.30.1-4-g462c640d31 (webtiles) character file.

Game seed: 823730588091285705

4385 HagarQim the Arsonist (level 10, -5/66 HPs)
             Began as an Octopode Fire Elementalist on Sept 6, 2023.
             Was a Believer of Vehumet.
             Slain by a slime creature (21 damage)
             ... on level 8 of the Dungeon.
             The game lasted 00:39:29 (10792 turns).

HagarQim the Arsonist (Octopode Fire Elementalist) Turns: 10792, Time: 00:39:29

Health: -5/66      AC:  1    Str:  9    XL:     10   Next: 35%
Magic:  9/22       EV: 14    Int: 21    God:    Vehumet [**....]
Gold:   471        SH:  0    Dex: 18    Spells: 9/25 levels left

rFire   + . .        k - staff of fire
rCold   . . .        (no shield)
rNeg    . . .        (helmet restricted)
rPois   .            (no amulet)
rElec   .            d - +6 ring of dexterity
rCorr   +            l - ring of resist corrosion
SInv    .            (no ring)
Will    .....        (no ring)
Stlth   ++++         (no ring)
HPRegen 0.31/turn    (no ring)
MPRegen 0.18/turn    (no ring)
                     (no ring)

%: no passive effects
@: no status effects
A: almost no armour, amphibious, 8 rings, camouflage 1, gelatinous body 1,
(nimble swimmer 1), tentacles
a: Renounce Religion


You were on level 8 of the Dungeon.
You worshipped Vehumet.
Vehumet was pleased with you.
You visited 2 branches of the dungeon, and saw 9 of its levels.

You collected 471 gold pieces.

Inventory:

Hand Weapons
 y - a +1 short sword of venom
 z - a +3 falchion
 C - a +2 spear of freezing
Missiles
 n - 2 boomerangs
 t - 9 poisoned darts
Magical Staves
 k - a staff of fire (weapon)
Jewellery
 d - a +6 ring of dexterity (left tentacle)
 l - a ring of resist corrosion (right tentacle)
Wands
 e - a wand of acid (5)
 A - a wand of polymorph (12)
Scrolls
 f - 2 scrolls of teleportation
 h - 2 scrolls of amnesia
 i - a scroll of immolation {unknown}
 m - a scroll of poison {unknown}
 o - 2 scrolls of fog {unknown}
 p - a scroll of summoning {unknown}
 q - a scroll of brand weapon {unknown}
 r - a scroll of torment {unknown}
 s - 2 scrolls of noise {unknown}
 w - a scroll of blinking {unknown}
 x - a scroll of identify
Potions
 a - 3 potions of magic
 b - 2 potions of flight
 c - 5 potions of curing
 g - a potion of haste
 j - 2 potions of lignification
 u - a potion of might
 v - 3 potions of heal wounds
 B - a potion of mutation {unknown}


   Skills:
 * Level 5.1 Fighting
 + Level 0.5 Short Blades
 + Level 0.6 Staves
 + Level 2.9 Dodging
 + Level 4.9 Stealth
 + Level 8.0 Spellcasting
 * Level 5.4 Conjurations
 + Level 9.1 Fire Magic


You had 9 spell levels left.
You knew the following spells:

 Your Spells              Type           Power      Damage    Failure   Level
a - Foxfire               Conj/Fire      100%       2x1d9     1%          1
b - Scorch                Fire           100%       2d9       1%          2
c - Stone Arrow           Conj/Erth      38%        3d9       8%          3
d - Fireball              Conj/Fire      28%        3d12      11%         5
s - Sandblast             Erth           16%        2d6       8%          1
w - Flame Wave            Conj/Fire      56%        2d13      4%          4

Your spell library contained the following spells:

 Spells                   Type           Power      Damage    Failure   Level
 Inner Flame              Hex/Fire       41%        N/A       3%          3
 Volatile Blastmotes      Fire/Tloc      82%        2d16      3%          3
 Summon Small Mammal      Summ           32%        N/A       8%          1
 Call Canine Familiar     Summ           8%         N/A       24%         3
 Portal Projectile        Hex/Tloc       16%        N/A       24%         3
 Summon Guardian Golem    Hex/Summ       8%         N/A       24%         3
 Tukima's Dance           Hex            8%         N/A       24%         3
 Vhi's Electric Charge    Tloc/Air       16%        N/A       24%         3
 Starburst                Conj/Fire      28%        6d9       52%         6
 Arcjolt                  Conj/Air       9%         1d19      56%         5
 Plasma Beam              Fire/Air       20%        2x1d35    88%         6
 Blade Hands              Tmut           4%         N/A       91%         5
 Lehudib's Crystal Spear  Conj/Erth      9%         10d4      100%        8
 Maxwell's Capacitive Co  Air            4%         ∞         100%        8
 Animate Armour           Summ/Erth      Unusable   N/A       N/A         4

Dungeon Overview and Level Annotations

Branches:
Dungeon (8/15)             Temple (1/1) D:7
   Lair: D:8-11

Altars:
Ashenzari
Cheibriados
Dithmenos
Elyvilon
Fedhas
Gozag
Hepliaklqana
Kikubaaqudgha
Makhleb
Nemelex Xobeh
Okawaru
Qazlal
Ru
Trog
Uskayaw
Vehumet
Wu Jian
Xom
Yredelemnul
Zin
The Shining One

Shops:
D:5 [((:

Annotations:
D:8 Gastronok


Innate Abilities, Weirdness & Mutations

You cannot wear most types of armour.
You are amphibious.
You can wear up to eight rings at the same time.
Your skin changes colour to match your surroundings (Stealth+).
Your rubbery body absorbs attacks. (AC +1, EV +1)
((You are camouflaged when in or above water. (Stealth+)))
You have tentacles for arms and can constrict up to eight enemies at once.


Message History

Confirm with . or Enter, or press ? or * to list all spells.
You feel a surge of power!
Flames lash the slime creature.
The slime creature is burned terribly!
The slime creature is severely wounded.
The slime creature hits you.
Unknown command.
Casting: Scorch (safe; 1% risk of failure)
Confirm with . or Enter, or press ? or * to list all spells.
You feel a surge of power!
Flames lash the slime creature.
The slime creature is burned terribly!
The slime creature is almost dead.
A slime creature comes into view.
The slime creature hits you.
Casting: Scorch (safe; 1% risk of failure)
Confirm with . or Enter, or press ? or * to list all spells.
You feel a surge of power!
Flames lash the slime creature.
The slime creature is lightly wounded.
The slime creature's fire resistance burns away.
You hear a shout!
A slime creature comes into view.
The slime creature barely misses you.
Casting: Scorch (safe; 1% risk of failure)
Confirm with . or Enter, or press ? or * to list all spells.
You feel a surge of power!
Flames lash the slime creature.
The slime creature is burned terribly!
The slime creature is heavily wounded.
The slime creature quivers.
The slime creature hits you!!
A slime creature comes into view.
Casting: Scorch (safe; 1% risk of failure)
Confirm with . or Enter, or press ? or * to list all spells.
Aiming: Sandblast (safe; 8% risk of failure)
Press: ? - help, Shift-Dir - straight line, f - slime creature
Aim: a slime creature (almost dead, more vulnerable to fire, 96% to hit)
The blast of sand hits the slime creature.
The slime creature is almost dead.
The slime creature hits you!
* * * LOW HITPOINT WARNING * * *
The slime creature hits you!!
You die...

≈## ≈≈≈## ####
≈≈≈≈≈######...##
≈≈≈≈÷≈÷~..$....#
~≈≈≈≈~........#
~~≈~~.......#
.~~....?..##### #.
.#......@J#...#....
.........JJ....(...
#.......#..<#J#..#
#...###.#...# ....
#....## ...
......## .....
........
..###)..###..
#....... ....


You could see 4 slime creatures.

Vanquished Creatures
  Pikel (D:7)
  Joseph (D:7)
  A steam dragon (D:6)
  Menkaure (D:7)
  3 water moccasins
  3 sky beasts
  2 black bears (D:6)
  2 orc warriors
  2 ice beasts
  6 ogres
  A centaur (D:8)
  A lemure (D:7)
  2 bullfrogs (D:7)
  2 scorpions (D:5)
  5 wights
  2 howler monkeys (D:6)
  2 electric eels (D:8)
  2 hounds (D:5)
  3 jellies
  2 gnoll boudas
  5 orc priests
  A sleepcap (D:6)
  4 iguanas
  3 orc wizards
  3 hell rats (D:7)
  Robin (D:3)
  8 gnolls
  10 adders
  6 river rats (D:7)
  2 white imps (D:8)
  3 ufetubi
  3 worms (D:3)
  2 dart slugs
  23 orcs
  11 ball pythons
  3 bats (D:1)
  9 endoplasms
  3 giant cockroaches
  15 goblins
  10 hobgoblins
  4 jackals (D:1)
  7 kobolds
  10 quokkas
  4 frilled lizards (D:1)
  24 rats
218 creatures vanquished.

Vanquished Creatures (others)
  376 foxfires
376 creatures vanquished.

Grand Total: 594 creatures vanquished

Notes
Turn   | Place    | Note
-------+----------+-------------------------------------------
     0 | D:1      | HagarQim the Octopode Fire Elementalist began the quest for
                  | the Orb.
     0 | D:1      | Reached XP level 1. HP: 11/11 MP: 3/3
   244 | D:1      | Reached XP level 2. HP: 17/17 MP: 3/5
   807 | D:1      | Learned a level 2 spell: Scorch
   815 | D:1      | Reached XP level 3. HP: 21/21 MP: 2/6
  1612 | D:2      | Reached XP level 4. HP: 27/27 MP: 5/7
  1982 | D:2      | Identified a scroll of acquirement
  1982 | D:2      | Acquired a staff of fire
  2247 | D:3      | Reached XP level 5. HP: 22/31 MP: 2/9
  2252 | D:3      | Reached skill level 4 in Fire Magic
  2449 | D:3      | Noticed Robin
  2541 | D:3      | Killed Robin
  2639 | D:3      | You fall into a shaft and drop 3 floors!
  2643 | D:5      | Entered Level 5 of the Dungeon
  2716 | D:5      | Reached XP level 6. HP: 36/36 MP: 4/11
  3402 | D:3      | Found a hide-covered altar of Uskayaw.
  3841 | D:4      | Reached skill level 5 in Fire Magic
  4286 | D:4      | Reached XP level 7. HP: 42/42 MP: 8/13
  4458 | D:4      | Found a sacrificial altar of Ru.
  4767 | D:5      | Found Eliojewn's Antique Weapon Boutique.
  4966 | D:5      | Reached skill level 5 in Spellcasting
  4966 | D:5      | Reached XP level 8. HP: 42/47 MP: 4/15
  4970 | D:5      | Reached skill level 1 in Fighting
  5197 | D:5      | Found Weav's Vocational Training.
  5211 | D:5      | Found Kippil's Weapon Shop.
  5312 | D:5      | Reached skill level 6 in Fire Magic
  5622 | D:5      | Found Oment's Antique Armour Shoppe.
  6292 | D:6      | Found a snail-covered altar of Cheibriados.
  6635 | D:6      | Reached skill level 7 in Fire Magic
  6783 | D:6      | Reached XP level 9. HP: 56/56 MP: 10/18
  7099 | D:6      | Found a sparkling altar of Nemelex Xobeh.
  7325 | D:6      | Learned a level 3 spell: Stone Arrow
  7331 | D:6      | Learned a level 5 spell: Fireball
  7635 | D:7      | Found a shadowy altar of Dithmenos.
  7687 | D:7      | Noticed Joseph
  7698 | D:7      | Killed Joseph
  7699 | D:7      | Reached skill level 8 in Fire Magic
  7856 | D:7      | Found a staircase to the Ecumenical Temple.
  7865 | Temple   | Entered the Ecumenical Temple
  7865 | Temple   | Found a transporter.
  7865 | Temple   | Found a transporter.
  7867 | Temple   | Found a transporter.
  7867 | Temple   | Found a transporter.
  7894 | Temple   | Became a worshipper of Vehumet
  8084 | D:7      | Noticed Menkaure
  8086 | D:7      | Killed Menkaure
  8201 | D:7      | Reached skill level 5 in Conjurations
  8558 | Temple   | Learned a level 4 spell: Flame Wave
  8563 | D:7      | Reached XP level 10. HP: 22/65 MP: 14/21
  9189 | D:7      | Reached * piety under Vehumet
  9189 | D:7      | Offered knowledge of Magic Dart by Vehumet.
  9895 | D:7      | Noticed Pikel
  9986 | D:7      | Killed Pikel
  9987 | D:7      | Reached skill level 5 in Fighting
  9987 | D:7      | Reached skill level 9 in Fire Magic
 10099 | D:7      | Reached ** piety under Vehumet
 10099 | D:7      | Offered knowledge of Sandblast by Vehumet.
 10113 | D:7      | Learned a level 1 spell: Sandblast
 10413 | D:8      | Noticed Gastronok
 10413 | D:8      | Found a white marble altar of Elyvilon.
 10792 | D:8      | Slain by a slime creature

Illustrated notes

Levels and vault maps discovered:
D:1:      minmay_arrival_wavy_path, layout_basic, serial_glass, glass_columns_c,
          glass_columns_b
D:2:      layout_basic
D:3:      layout_basic, mainiacjoe_overflow_small_starburst, uniq_robin
D:4:      minmay_door_path, layout_basic, mainiacjoe_overflow_alcove_1,
          corexii_shack
D:5:      layout_basic, serial_shops, nicolae_shop_window_shopping,
          nicolae_diamond_shop, shop, grunt_decor_mini_mirrors,
          nicolae_concentric_dashed_squares_wild, kennysheep_cluttered_room,
          minmay_tree_intersection, nicolae_shop_vocational
D:6:      layout_rooms, nemelex_xobeh_ov_fountains_minmay,
          mainiacjoe_overflow_concentric_impassable, mrwooster_statue_mirror,
          minmay_misc_feat_square
D:7:      lemuel_ratsnest, layout_basic,
          nicolae_dithmenos_through_a_glass_darkly, minmay_temple_entry_waves,
          uniq_crazy_yiuf_cottage, uniq_pikel, uniq_joseph, uniq_menkaure
D:8:      statuecave_lemuel, layout_cave_pools,
          mainiacjoe_overflow_cross_hatched, serial_shops, shop,
          minmay_misc_feat_five, uniq_gastronok, uniq_maurice
Temple:   hellmonk_temple_divided_pantheon

Skill      XL: |  1  2  3  4  5  6  7  8  9 10 |
---------------+-------------------------------+-----
Stealth        | 3 4 |  4.9
Fire Magic     | 4 5 7 8 9 |  9.1
Spellcasting   | 3 4 5 6 7 8 |  8.0
Conjurations   | 2 3 5 |  5.4
Fighting       | 3 4 5 |  5.1
Short Blades   | |  0.5
Staves         | |  0.6
Dodging        | |  2.9

Action                     |  1- 3 |  4- 6 |  7- 9 | 10-12 || total
---------------------------+-------+-------+-------+-------++-------
  Melee: Unarmed           |    11 |       |       |       ||    11
         Constrict         |    12 |     8 |     2 |     1 ||    23
         Dagger            |    30 |     9 |       |       ||    39
         Tentacles         |     4 |    11 |     2 |     1 ||    18
         Staff             |       |    16 |     7 |     1 ||    24
         Punch             |       |     1 |       |       ||     1
   Cast: Foxfire           |    30 |    51 |   102 |    53 ||   236
         Scorch            |     9 |    33 |    84 |    47 ||   173
         Flame Wave        |       |       |     1 |       ||     1
         Fireball          |       |       |       |     3 ||     3
         Sandblast         |       |       |       |     1 ||     1
  Evoke: Wand              |       |       |       |     2 ||     2
    Use: Scroll            |       |     6 |     4 |       ||    10
   Stab: Sleeping          |     4 |     4 |       |       ||     8
 Armour: Skin              |    10 |       |     3 |       ||    13
  Dodge: Dodged            |    34 |    19 |    22 |    18 ||    93
